 Dungeon Crawl Stone Soup version 0.18.1-47-g9310371 (webtiles) character file.

5661 Ery the Protected (level 10, -2/93 HPs)
             Began as a Minotaur Berserker on June 14, 2016.
             Was an Elder of Trog.
             Slain by a seven-headed hydra (5 damage)
             ... on level 9 of the Dungeon.
             The game lasted 00:19:51 (8738 turns).

Ery the Protected (Minotaur Berserker)              Turns: 8738, Time: 00:19:52

Health: -2/93      AC: 17    Str: 21    XL:     10   Next: 47%
Magic:  9/9        EV: 10    Int:  4    God:    Trog [****..]
Gold:   391        SH:  0    Dex: 14    Spells: 0 memorised, 9 levels left

rFire  . . .     SeeInvis .     E - +2 war axe (elec)
rCold  . . .     Gourm    .     y - +0 plate armour
rNeg   . . .     Faith    .     (no shield)
rPois  .         Spirit   .     N - +1 hat
rElec  .         Dismiss  .     (no cloak)
rCorr  .         Reflect  .     G - +0 pair of gloves
SustAt .         Harm     .     (no boots)
MR     ++...                    (no amulet)
Stlth  ..........               (no ring)
                                j - +1 ring of evasion

@: exhausted, regenerating, slowed, very slow, very resistant to hostile
enchantments, extremely unstealthy
A: retaliatory headbutt, horns 2
a: Berserk, Trog's Hand, Brothers in Arms, Burn Spellbooks, Renounce Religion


You were on level 9 of the Dungeon.
You worshipped Trog.
Trog was greatly pleased with you.
You were near starving.

You visited 1 branch of the dungeon, and saw 9 of its levels.

You collected 391 gold pieces.

Inventory:

Hand Weapons
 a - a +0 spear
 f - a +0 flail
 A - a +2 flail of protection
 E - a +2 war axe of electrocution (weapon)
Armour
 b - a +0 animal skin
 m - a +0 chain mail
 y - a +0 plate armour (worn)
 G - a +0 pair of gloves (worn)
 N - a +1 hat (worn)
Jewellery
 j - a +1 ring of evasion (left hand)
Wands
 r - a wand of lightning (6/15)
 w - a wand of paralysis (10/24)
 C - a wand of flame (22/48)
Scrolls
 d - a scroll of magic mapping {unknown}
 e - 4 scrolls of enchant weapon {unknown}
 g - 4 scrolls of remove curse {unknown}
 k - a scroll of recharging {unknown}
 n - a scroll of noise {unknown}
 o - 3 scrolls of fog {unknown}
 p - a scroll of blinking {unknown}
 q - 3 scrolls of teleportation {unknown}
 u - 2 scrolls of enchant armour {unknown}
 x - a scroll of amnesia {unknown}
 F - a scroll of vulnerability {unknown}
 I - a scroll of fear {unknown}
 J - a scroll of immolation {unknown}
 M - a scroll of torment {unknown}
Potions
 c - 2 potions of agility
 i - 2 potions of ambrosia {unknown}
 s - a potion of flight {unknown}
 t - 2 potions of curing
 v - a potion of lignification {unknown}
 z - a potion of heal wounds {unknown}
 B - a potion of haste
 D - a potion of mutation {unknown}
 H - a potion of might
 K - a potion of degeneration {unknown}
 L - a potion of cure mutation {unknown}
Comestibles
 h - 6 meat rations
 l - 4 fruits


   Skills:
 + Level 10.2 Fighting
 + Level 9.7 Polearms
 + Level 11.9 Armour
 + Level 6.0 Dodging
 - Level 0.3 Stealth


You had 9 spell levels left.
You didn't know any spells.

Dungeon Overview and Level Annotations

Branches:
Dungeon (9/15)             Temple (0/1) D:5
   Lair: D:8-11         Orc: D:9-12

Altars:
Dithmenos
Elyvilon
Vehumet
Xom
Yredelemnul
The Shining One

Shops:
D:5 ?==

Annotations:
D:3 1 exclusion


Innate Abilities, Weirdness & Mutations

You reflexively headbutt those who attack you in melee.
You have a pair of horns on your head.


Message History

You feel resistant to hostile enchantments.
You feel slightly more hungry.
The six-headed hydra bites your two-headed ogre but does no damage.
The six-headed hydra bites your two-headed ogre!
Your two-headed ogre dies!
Your two-headed ogre's corpse disappears in a puff of smoke!
You strike the helpless six-headed hydra from a blind spot!
You lop one of the six-headed hydra's heads off!
The five-headed hydra grows two more!
You hit the seven-headed hydra. You headbutt the seven-headed hydra.
The seven-headed hydra is almost dead.
The seven-headed hydra bites you!
* * * LOW HITPOINT WARNING * * *
The seven-headed hydra closely misses you.
The seven-headed hydra bites you but does no damage. x3
The seven-headed hydra bites you.
* * * LOW HITPOINT WARNING * * *
The seven-headed hydra bites you but does no damage. x2
The seven-headed hydra bites you.
You die...

#### #.. #?# #@# #D# #Y#
#.# #K# #.# #.### #Y# #.#
#... #†# #.# #..# #Y# #.#
#..#
########K###.#######..###
#....K..)<...............


You could see a seven-headed hydra, 2 yaks, 2 big kobolds and a sheep.

Vanquished Creatures
  Gastronok (D:8)
  A troll (D:9)
  A wyvern (D:8)
  Grum (D:8)
  Eustachio (D:4)
  A hungry ghost (D:8)
  A water moccasin (D:8)
  An ice beast (D:9)
  A black bear (D:7)
  An orc warrior (D:6)
  3 phantoms
  4 ogres
  3 centaurs
  3 wolves (D:8)
  Blork the orc (D:4)
  3 giant frogs
  A scorpion (D:7)
  4 howler monkeys
  2 crimson imps
  2 jellies
  5 orc priests
  A centaur skeleton (D:8)
  A centaur zombie (D:7)
  6 hounds
  2 giant frog skeletons
  Terence (D:3)
  7 orc wizards
  Ijyb (D:3)
  Natasha (thrice) (D:4)
  A worker ant (D:4)
  A sheep (D:9)
  The ghost of Renko1984 the Gusty, a weakling TeAE (D:3)
  3 hound skeletons
  A worker ant zombie (D:8)
  8 gnolls
  8 adders
  5 shadow imps
  An ooze (D:1)
  An adder skeleton (D:4)
  3 worms
  4 dart slugs
  3 giant geckos
  22 orcs
  3 giant cockroaches
  3 goblins
  4 hobgoblins
  12 jackals
  8 kobolds
  5 quokkas
  A ball python (D:2)
  9 bats
  2 giant gecko skeletons
  A giant newt (D:1)
  A quokka skeleton (D:8)
  8 rats
182 creatures vanquished.

Vanquished Creatures (others)
  A hound (D:5)
  An adder (D:5)
  An orc (D:5)
  A quokka (D:5)
4 creatures vanquished.

Grand Total: 186 creatures vanquished

Notes
Turn   | Place    | Note
--------------------------------------------------------------
     0 | D:1      | Ery the Minotaur Berserker began the quest for the Orb.
     0 | D:1      | Reached XP level 1. HP: 19/19 MP: 0/0
   144 | D:1      | Reached XP level 2. HP: 27/27 MP: 1/1
   785 | D:2      | Reached XP level 3. HP: 33/33 MP: 2/2
  1221 | D:2      | Reached ** piety under Trog
  1649 | D:3      | Noticed Ijyb
  1657 | D:3      | Killed Ijyb
  1657 | D:3      | Reached XP level 4. HP: 37/41 MP: 3/3
  1681 | D:3      | Found a basalt altar of Yredelemnul.
  1681 | D:3      | Found a shadowy altar of Dithmenos.
  1743 | D:3      | Reached skill level 5 in Polearms
  1772 | D:3      | Noticed Terence
  1821 | D:3      | Killed Terence
  1821 | D:3      | Reached XP level 5. HP: 47/47 MP: 4/4
  2306 | D:3      | Found a glowing golden altar of the Shining One.
  2412 | D:3      | Reached skill level 5 in Fighting
  2526 | D:3      | Reached *** piety under Trog
  2535 | D:3      | Reached XP level 6. HP: 56/56 MP: 5/5
  2547 | D:3      | Reached skill level 3 in Armour
  2724 | D:3      | Noticed Renko1984's ghost (weakling TeAE)
  2735 | D:3      | Killed Renko1984's ghost
  3153 | D:4      | Noticed Eustachio
  3169 | D:4      | Killed Eustachio
  3283 | D:4      | Noticed Natasha
  3289 | D:4      | Killed Natasha
  3340 | D:4      | Reached XP level 7. HP: 59/62 MP: 6/6
  3363 | D:4      | Reached skill level 4 in Armour
  3730 | D:4      | Noticed Blork the orc
  3741 | D:4      | Killed Blork the orc
  3818 | D:4      | Noticed Natasha
  3829 | D:4      | Reached skill level 5 in Armour
  3833 | D:4      | Reached skill level 5 in Dodging
  3834 | D:4      | Killed Natasha
  4522 | D:4      | Noticed Natasha
  4533 | D:4      | Killed Natasha
  4786 | D:5      | Entered Level 5 of the Dungeon
  4794 | D:5      | Found Gakarof's Jewellery Shop.
  4822 | D:5      | Found Ineaha's Jewellery Emporium.
  4880 | D:5      | Found a staircase to the Ecumenical Temple.
  4925 | D:5      | Reached XP level 8. HP: 68/71 MP: 7/7
  4961 | D:5      | Found a shimmering altar of Xom.
  5082 | D:5      | Found Tavyf's Magic Scroll Boutique.
  5118 | D:5      | Reached skill level 6 in Armour
  5681 | D:6      | Found a sand-covered staircase.
  5782 | D:6      | Reached skill level 7 in Armour
  6145 | D:7      | Reached **** piety under Trog
  6168 | D:7      | Found a white marble altar of Elyvilon.
  6168 | D:7      | Found a radiant altar of Vehumet.
  6611 | D:7      | Reached skill level 8 in Armour
  6699 | D:7      | Reached XP level 9. HP: 80/80 MP: 8/8
  7301 | D:8      | Noticed Grum
  7310 | D:8      | Reached skill level 9 in Armour
  7324 | D:8      | Killed Grum
  7793 | D:8      | Noticed Gastronok
  7804 | D:8      | Killed Gastronok
  7804 | D:8      | Reached skill level 10 in Fighting
  7804 | D:8      | Reached skill level 11 in Armour
  7804 | D:8      | Reached XP level 10. HP: 53/93 MP: 9/9
  8709 | D:9      | Reached ***** piety under Trog
  8722 | D:9      | Noticed a three-headed hydra
  8738 | D:9      | HP: 3/93 [seven-headed hydra (5)]
  8738 | D:9      | Slain by a seven-headed hydra

Skill      XL: |  1  2  3  4  5  6  7  8  9 10 |
---------------+-------------------------------+-----
Fighting       | 4 5 6 7 10 | 10.2
Polearms       | 4 5 6 7 8 9 |  9.7
Dodging        | 3 4 5 6 |  6.0
Armour         | 3 5 8 11 | 11.9
Stealth        | |  0.3

Action                   |  1- 3 |  4- 6 |  7- 9 | 10-12 || total
-------------------------+-------+-------+-------+-------++-------
Melee: Spear             |    96 |   193 |   198 |       ||   487
       Headbutt          |     9 |    22 |    53 |    11 ||    95
       War axe           |       |       |   113 |    51 ||   164
Invok: Berserk           |       |     2 |     6 |     2 ||    10
       Trog's Hand       |       |       |       |     1 ||     1
       Brothers in Arms  |       |       |       |     1 ||     1
 Stab: Sleeping          |     1 |       |       |       ||     1
       Distracted        |       |       |       |     1 ||     1
  Eat: Chunk             |     2 |     3 |     5 |       ||    10
       Bread ration      |       |     1 |     3 |       ||     4
       Pizza             |       |       |     1 |       ||     1
       Beef jerky        |       |       |     1 |       ||     1
       Fruit             |       |       |     1 |       ||     1
       Meat ration       |       |       |       |     1 ||     1
Armor: Animal skin       |    10 |     1 |       |       ||    11
       Chain mail        |       |    56 |    33 |       ||    89
       Plate armour      |       |       |    87 |    50 ||   137
Dodge: Dodged            |    41 |    68 |   132 |    47 ||   288
